 Dungeon Crawl Stone Soup version 0.29-a0-319-gad05b8d819 (webtiles) character file.

Game seed: 14730890140934044182

68 GigaChad the Skirmisher (level 4, 0/37 HPs)
             Began as a Palentonga Abyssal Knight on Apr 1, 2022.
             Was a Priest of Lugonu.
             Succumbed to a scorpion's poison
             ... on level 4 of the Dungeon.
             The game lasted 00:07:07 (1251 turns).

GigaChad the Skirmisher (Palentonga Abyssal Knight) Turns: 1251, Time: 00:07:08

Health: 0/37       AC:  4    Str: 23    XL:     4   Next: 1%
Magic:  5/5        EV:  9    Int: 10    God:    Lugonu [***...]
Gold:   48         SH:  0    Dex: 12    Spells: 3/3 levels left

rFire   . . .      SeeInvis +   a - +1 falchion
rCold   . . .      Faith    .   (no shield)
rNeg    . . .      Spirit   .   b - +0 leather armour
rPois   .          Reflect  .   (no helmet)
rElec   .          Harm     .   (no cloak)
rCorr   .          Rampage  .   (no gloves)
Will    .....                   (no barding)
Stlth   +.........              (no amulet)
HPRegen 0.12/turn               c - ring of flight
MPRegen 0.09/turn               d - +6 ring of strength

@: lethally poisoned (0 -> -3), flying
A: large, rugged brown scales 3, see invisible, deformed body, roll 1, armoured
tail
a: Rolling Charge, Renounce Religion, Depart the Abyss, Bend Space, Banish


You were on level 4 of the Dungeon.
You worshipped Lugonu.
Lugonu was most pleased with you.
You visited 1 branch of the dungeon, and saw 4 of its levels.
You visited the Abyss 1 time.

You collected 48 gold pieces.

Inventory:

Hand Weapons
 a - a +1 falchion (weapon)
 h - a +0 mace
Armour
 b - a +0 leather armour (worn)
 k - a +0 scale mail
 m - a +0 scale mail
 n - a +0 chain mail
Jewellery
 c - a ring of flight (left hand)
 d - a +6 ring of strength (right hand)
Wands
 j - a wand of iceblast (8)
Scrolls
 e - 4 scrolls of identify {unknown}
 f - a scroll of holy word {unknown}
 i - a scroll of acquirement {unknown}
Potions
 g - a potion of attraction {unknown}
 l - a potion of might {unknown}


   Skills:
 + Level 3.5 Fighting
 + Level 3.1 Long Blades
 + Level 2.2 Armour
 + Level 1.1 Dodging
 + Level 2.1 Invocations


You had 3 spell levels left.
You didn't know any spells.
Your spell library was empty.

Dungeon Overview and Level Annotations

Branches:
Dungeon (4/15)
 Temple: D:4-7

Altars:


Innate Abilities, Weirdness & Mutations

You are completely covered in rugged brown scales. (AC +3, +7% HP)
You have supernaturally acute eyesight. (SInv)
Armour fits poorly on your strangely shaped body.
You can roll at nearby foes to attack.
You have a long armoured tail.


Message History

You feel sick.
The scorpion stings you but does no damage.
You hit the scorpion.
You tail-slap the scorpion, but do no damage.
The scorpion is moderately wounded.
You feel sick.
The scorpion stings you but does no damage.
The kobold hits you with a +0 short sword.
The scorpion stings you.
You are more poisoned.
The scorpion poisons you!
You closely miss the scorpion.
The scorpion is moderately wounded.
You feel very sick. The kobold barely misses you.
The scorpion closely misses you.
You hit the scorpion but do no damage. You tail-slap the scorpion.
The scorpion is heavily wounded.
* * * LOW HITPOINT WARNING * * *
You feel very sick. The scorpion completely misses you.
The kobold hits you with a +0 short sword.
* * * LOW HITPOINT WARNING * * *
* * * LOW HITPOINT WARNING * * *
You feel sick.
The scorpion stings you but does no damage.
The scorpion barely misses you. The kobold attacks as you move away!
The kobold closely misses you.
* * * LOW HITPOINT WARNING * * *
You feel sick. The kobold attacks as you move away!
The kobold hits you but does no damage.
* * * LOW HITPOINT WARNING * * *
You feel sick.
The kobold throws a stone.
The stone hits you.
* * * LOW HITPOINT WARNING * * *
* * * LOW HITPOINT WARNING * * *
You feel sick.
The kobold throws a stone.
The stone hits you but does no damage.
* * * LOW HITPOINT WARNING * * *
You feel sick.
You barely miss the kobold.
You die...

### ..
####.# #
#!...#####
#.#....$....
#...s.....:.
####.#?#####
#K# # #@#
#.# #.# #.#
#.# #.# #.#
#.# ######.#


You could see a scorpion and a kobold.

Vanquished Creatures
  An iguana (D:3)
  An adder (D:3)
  2 dart slugs (D:3)
  An orc (D:3)
  A ball python (D:3)
  8 endoplasms
  A giant cockroach (D:1)
  4 goblins (D:1)
  2 hobgoblins
  A quokka (D:4)
  A frilled lizard (D:1)
  4 rats
27 creatures vanquished.

Vanquished Creatures (others)
  2 fungi (D:1)
  2 plants (D:1)
4 creatures vanquished.

Grand Total: 31 creatures vanquished

Notes
Turn   | Place    | Note
-------+----------+-------------------------------------------
     0 | Abyss:1  | GigaChad the Palentonga Abyssal Knight began the quest for
                  | the Orb.
     0 | Abyss:1  | Reached XP level 1. HP: 19/19 MP: 2/2
    14 | D:1      | Escaped the Abyss
   320 | D:1      | Reached XP level 2. HP: 16/25 MP: 3/3
   333 | D:1      | Reached skill level 1 in Dodging
   434 | D:1      | Found a faded altar of an unknown god.
   533 | D:2      | You are sucked into a shaft and drop 1 floor!
   640 | D:3      | Reached XP level 3. HP: 2/31 MP: 4/4
   911 | D:3      | Reached *** piety under Lugonu
  1198 | D:4      | Reached XP level 4. HP: 37/37 MP: 5/5
  1238 | D:4      | Noticed a scorpion
  1250 | D:4      | HP: 1/37 [poisoned by a scorpion]
  1251 | D:4      | Succumbed to a scorpion's poison

Illustrated notes

Levels and vault maps discovered:
D:1:      psy_arrival_basics, layout_rooms,
          shapermc_ecumenical_altar_hornbeckon, feat_on_display
D:2:      layout_loops_ring, serial_shops, shop
D:3:      layout_loops_ring
D:4:      layout_loops_ring, mainiacjoe_overflow_alcove_4,
          roderic_roman_lattice, uniq_blork_the_orc, uniq_edmund

Skill      XL: |  1  2  3 |
---------------+----------+-----
Dodging        | 1 |  1.1
Armour         | 2 |  2.2
Long Blades    | 3 |  3.1
Fighting       | |  3.5
Invocations    | |  2.1

Action                   |  1- 3 |  4- 6 || total
-------------------------+-------+-------++-------
Melee: Falchion          |    72 |     5 ||    77
       Tailslap          |     5 |     2 ||     7
Armor: Leather armour    |    26 |     5 ||    31
Dodge: Dodged            |    41 |     6 ||    47

Table legend: (Time is in decaauts)
 A = Elapsed time spent in this place.
 B = Non-inter-level travel time spent in this place.
 C = Inter-level travel time spent in this place.
 D = Time resting spent in this place.
 E = Time spent auto-exploring this place.
 F = Levels seen in this place.
 G = Mean time per level.
                   A        B        C        D        E       F      G
               +--------+--------+--------+--------+--------+-----+--------+
         Total |   1263 |   1256 |      7 |      0 |      0 |   5 |  252.6 |
       Dungeon |   1249 |   1242 |      7 |      0 |      0 |   4 |  312.2 |
         Abyss |     14 |     14 |      0 |      0 |      0 |   1 |   14.0 |
               +--------+--------+--------+--------+--------+-----+--------+

Top non-repeatable levels by time:
     D:3: 667 daAuts
     D:1: 504 daAuts
     D:4: 56 daAuts
     D:2: 21 daAuts
 Abyss:1: 14 daAuts
